[Event "Titled Tuesday Blitz May 4 2021"]
[White "Abdalla, Luiz Guilherme Aurelli"]
[Black "Nitin, S."]
[WhiteFideId "2111080"]
[BlackFideId "5018277"]
[WhiteElo "2152"]
[BlackElo "2431"]
[Result "0-1"]
[Round "01"]
[TimeControl "180+1"]
[Date "2021.05.04"]
[WhiteClock "0:00:19"]
[BlackClock "0:00:30"]

1. d4 Nf6 2. c4 e6 3. Nc3 Bb4 4. Qc2 O-O 5. e4 c5 6. dxc5 Qc7 7. Nf3 Nc6 8. Bd3 Bxc5 9. a3 Be7 10. O-O d6 11. b4 a6 12. Bb2 Ne5 13. Nxe5 dxe5 14. Rac1 b6 15. Rfd1 Bb7 16. f3 Nh5 17. Ne2 a5 18. Qb3 Rfd8 19. Kh1 Bg5 20. Ra1 Be3 21. Bc2 Bd2 22. Bd3 Bh6 23. Qc3 f6 24. Bc1 Bxc1 25. Raxc1 Rac8 26. Qb3 Qe7 27. bxa5 bxa5 28. c5 Bc6 29. Bc4 Kf7 30. Nc3 Rb8 31. Qa2 Nf4 32. g3 Nh3 33. Kg2 Ng5 34. h4 Nxf3 35. Kxf3 Rd4 36. Rxd4 exd4 37. Ne2 Rd8 38. Nf4 Bd7 39. c6 Bc8 40. c7 Rd6 41. Bb3 a4 42. Bc4 d3 43. Nxd3 f5 44. e5 Bb7+ 45. Kf2 Rb6 46. Bxe6+ Rxe6 47. c8=Q Bxc8 48. Rxc8 Qa7+ 49. Kg2 Qb7+ 50. Kh2 Qxc8 51. Nf4 Qc6 52. Qxe6+ Qxe6 53. Nxe6 Kxe6 54. Kg2 Kxe5 55. Kf3 g6 56. Ke3 h6 57. Kd3 g5 58. Ke3 Kd5 59. Kd3 Ke5 60. Ke3 g4 61. Kd3 f4 62. gxf4+ Kxf4 0-1


[Site "https://www.chess.com"]

[Event "Titled Tuesday Blitz May 4 2021"]
[White "Abdusattorov, Nodirbek"]
[Black "Ronka, Erik"]
[WhiteFideId "14204118"]
[BlackFideId "505080"]
[WhiteElo "2662"]
[BlackElo "2264"]
[Result "0-1"]
[Round "01"]
[TimeControl "180+1"]
[Date "2021.05.04"]
[WhiteClock "0:01:29"]
[BlackClock "0:00:50"]

1. e4 c6 2. d4 d5 3. f3 Qb6 4. Nc3 dxe4 5. fxe4 e5 6. Nf3 exd4 7. Nxd4 Nf6 8. e5 Bc5 9. Nf3 Ng4 10. Qe2 O-O 11. Ne4 Nd7 12. Nxc5 Qxc5 13. Bd2 Ndxe5 14. O-O-O Bf5 15. Nxe5 Qxc2# 0-1


[Site "https://www.chess.com"]

[Event "Titled Tuesday Blitz May 4 2021"]
[White "Acor, Corey"]
[Black "Kubatko, Ivan"]
[WhiteFideId "2024861"]
[BlackFideId "24111473"]
[WhiteElo "2755"]
[BlackElo "2285"]
[Result "1-0"]
[Round "01"]
[TimeControl "180+1"]
[Date "2021.05.04"]
[WhiteClock "0:00:54"]
[BlackClock "0:00:03"]

1. e4 d5 2. exd5 Qxd5 3. Nc3 Qa5 4. g3 h5 5. Bg2 h4 6. g4 h3 7. Nxh3 Nf6 8. f3 e5 9. d3 Nc6 10. Ng5 Bd7 11. O-O Bd6 12. Nce4 Nxe4 13. Nxe4 Be7 14. Be3 O-O-O 15. Qd2 Qa6 16. c3 f5 17. gxf5 Bxf5 18. Rfd1 Rh7 19. d4 exd4 20. cxd4 Rdh8 21. Bf4 Rd8 22. Qf2 g5 23. Bg3 Rf8 24. Rac1 g4 25. Nc5 Bxc5 26. Rxc5 gxf3 27. Qxf3 Rhf7 28. Qc3 Bd7 29. d5 Qb6 30. dxc6 Bxc6 31. Bxc6 bxc6 32. b4 Qa6 33. Qc4 Qa3 34. Qe6+ Kb8 35. Rxc6 Qxb4 36. Qb3 Qxb3 37. axb3 Kb7 38. Rdc1 a5 39. Rxc7+ Rxc7 40. Rxc7+ Ka6 41. Rc5 Rf3 42. Be1 1-0


[Site "https://www.chess.com"]

[Event "Titled Tuesday Blitz May 4 2021"]
[White "Alavi, Sayed Javad"]
[Black "Kaminski, Victor"]
[WhiteFideId "12500607"]
[BlackFideId "1131630"]
[WhiteElo "2495"]
[BlackElo "2181"]
[Result "1-0"]
[Round "01"]
[TimeControl "180+1"]
[Date "2021.05.04"]
[WhiteClock "0:00:44"]
[BlackClock "0:00:21"]

1. e4 e5 2. Nf3 Nc6 3. Bc4 Bc5 4. O-O Nf6 5. d3 d6 6. c3 a6 7. Bb3 h6 8. Be3 O-O 9. Nbd2 Be6 10. Bxe6 fxe6 11. Bxc5 dxc5 12. Nc4 Nd7 13. Qb3 b5 14. Ne3 Qe7 15. a4 Rab8 16. axb5 axb5 17. Ra6 Nd8 18. Ng4 c4 19. dxc4 Nc5 20. Qa3 b4 21. cxb4 Nxa6 22. Qxa6 Rxb4 23. Ngxe5 Qd6 24. Qa3 Rb7 25. c5 Qe7 26. Ng6 Qf6 27. Nxf8 Qxf8 28. Rd1 Nc6 29. Qa6 Nd8 30. Qa8 Rxb2 31. Qxd8 Qxd8 32. Rxd8+ Kf7 33. h3 Rc2 34. Rd7+ Kf6 35. Rxc7 1-0


[Site "https://www.chess.com"]

[Event "Titled Tuesday Blitz May 4 2021"]
[White "Alavkin, Arseny"]
[Black "Perestjuk, Marko"]
[WhiteFideId "4120612"]
[BlackFideId "1270254"]
[WhiteElo "2416"]
[BlackElo "2079"]
[Result "1-0"]
[Round "01"]
[TimeControl "180+1"]
[Date "2021.05.04"]
[WhiteClock "0:01:01"]
[BlackClock "0:00:02"]

1. c4 c5 2. Nc3 Nf6 3. g3 d5 4. cxd5 Nxd5 5. Bg2 Nc7 6. Nf3 Nc6 7. O-O g6 8. a3 Bg7 9. Rb1 O-O 10. b4 cxb4 11. axb4 Bg4 12. b5 Nd4 13. Nxd4 Bxd4 14. Bxb7 Rb8 15. Bg2 Bxc3 16. dxc3 Qxd1 17. Rxd1 Bxe2 18. Re1 Bxb5 19. Rxe7 Rfc8 20. Bf4 Bc4 21. Rbe1 Ne6 22. Bxb8 Rxb8 23. Rxa7 Rb2 24. Bf1 Bd5 25. c4 Bf3 26. Bg2 Be2 27. Ra8+ Kg7 28. Rc8 Rc2 29. c5 Nd4 30. Re8 Bf3 31. R8e5 Kf6 32. h3 Ne2+ 33. Kh2 Nd4 34. Kg1 Ne2+ 35. R5xe2 Bxe2 36. c6 Bb5 37. Rb1 Ba4 38. Rb4 Rc1+ 39. Kh2 Bd1 40. Rb7 Ba4 41. Ra7 Bb5 42. Rb7 Ba4 43. Rb4 Bd1 44. g4 Ke6 45. Kg3 Kd6 46. h4 Rc3+ 47. Kf4 Bb3 48. Be4 Bc2 49. Rd4+ Kc5 50. Rd5+ Kb6 51. Rd7 Bxe4 52. Kxe4 Kxc6 53. Rxf7 h5 54. Rf6+ Kd7 55. g5 Rh3 56. Rxg6 Rxh4+ 57. f4 Rg4 58. Kf5 h4 59. Rh6 1-0


[Site "https://www.chess.com"]

[Event "Titled Tuesday Blitz May 4 2021"]
[White "AldokhinIvan"]
[Black "Dovbnia, Nikita"]
[BlackFideId "54104599"]
[WhiteElo "2515"]
[BlackElo "2056"]
[Result "1-0"]
[Round "01"]
[TimeControl "180+1"]
[Date "2021.05.04"]
[WhiteClock "0:02:20"]
[BlackClock "0:01:02"]

1. e4 c5 2. Nf3 d6 3. d4 cxd4 4. Nxd4 Nf6 5. Nc3 a6 6. Bc4 e6 7. Bb3 Be7 8. Qe2 O-O 9. Be3 Qc7 10. g4 Nc6 11. g5 Nxd4 12. Bxd4 Nd7 13. h4 b5 14. g6 hxg6 15. h5 g5 16. h6 gxh6 17. Rxh6 Ne5 18. Qh5 1-0


[Site "https://www.chess.com"]

[Event "Titled Tuesday Blitz May 4 2021"]
[White "Alice, Mateus Felizardo Viageiro"]
[Black "Kalashian, David"]
[WhiteFideId "14800047"]
[BlackFideId "13302418"]
[WhiteElo "2189"]
[BlackElo "2490"]
[Result "0-1"]
[Round "01"]
[TimeControl "180+1"]
[Date "2021.05.04"]
[WhiteClock "0:00:00"]
[BlackClock "0:00:14"]

1. e4 c6 2. d4 g6 3. Nc3 Bg7 4. Be3 d6 5. Qd2 Nd7 6. O-O-O b5 7. f4 Ngf6 8. e5 b4 9. Nce2 Nd5 10. Bf2 N7b6 11. Nf3 a5 12. Kb1 Nc4 13. Qc1 a4 14. Ng3 Ba6 15. Ne4 O-O 16. h4 h5 17. Nfg5 Rb8 18. Bxc4 Bxc4 19. g4 Be2 20. gxh5 Bxh5 21. Rde1 Qa5 22. Ng3 Nc3+ 23. bxc3 bxc3+ 24. Ka1 Rb2 25. Nxh5 Qd5 26. Qxb2 cxb2+ 27. Kb1 gxh5 28. Rhg1 Rb8 29. f5 Kf8 30. e6 f6 31. Nf7 Qxf5 32. Re2 a3 33. Nxd6 exd6 34. e7+ Kf7 35. Be1 Re8 36. Bb4 Qd5 37. Bxa3 Ra8 38. e8=Q+ Rxe8 39. Reg2 Re1+ 40. Rxe1 Qxg2 41. Bxd6 Qf2 42. Re7+ Kg6 43. Bc5 Qxh4 44. Kxb2 Qg3 45. a4 h4 46. a5 Qb8+ 47. Kc3 h3 0-1


[Site "https://www.chess.com"]

[Event "Titled Tuesday Blitz May 4 2021"]
[White "Almeida Junior, Alvaro Alves de"]
[Black "Principe, Gerson"]
[WhiteFideId "2149974"]
[BlackFideId "3804550"]
[WhiteElo "2097"]
[BlackElo "2280"]
[Result "1-0"]
[Round "01"]
[TimeControl "180+1"]
[Date "2021.05.04"]
[WhiteClock "0:00:27"]
[BlackClock "0:00:57"]

1. e4 c5 2. Nf3 e6 3. d4 cxd4 4. Nxd4 Nf6 5. Bd3 Nc6 6. Nb3 d5 7. exd5 exd5 8. O-O Be7 9. Nc3 O-O 10. Bg5 Be6 11. Re1 Re8 12. h3 a6 13. Ne2 Qb6 14. Nf4 Bd6 15. Nxe6 fxe6 16. Bxf6 gxf6 17. Qg4+ Kh8 18. Rxe6 Qc7 19. Rae1 Rf8 20. Qh5 Be5 21. f4 Nd4 22. Nxd4 Bxd4+ 23. Kh1 f5 24. Re7 Qxe7 25. Rxe7 Bg7 26. Bxf5 1-0


[Site "https://www.chess.com"]

[Event "Titled Tuesday Blitz May 4 2021"]
[White "Alvarez Fernandez, Enrique"]
[Black "Sokolov, Andrey M."]
[WhiteFideId "2227398"]
[BlackFideId "4171438"]
[WhiteElo "2316"]
[BlackElo "2349"]
[Result "1-0"]
[Round "01"]
[TimeControl "180+1"]
[Date "2021.05.04"]
[WhiteClock "0:00:57"]
[BlackClock "0:00:16"]

1. e4 c5 2. Nf3 Nc6 3. d4 cxd4 4. Nxd4 g6 5. Nc3 Bg7 6. Be3 Nf6 7. f3 O-O 8. Be2 d5 9. Nxc6 bxc6 10. e5 Ne8 11. f4 f6 12. Bf3 e6 13. Bc5 Rf7 14. Qe2 fxe5 15. fxe5 Qc7 16. Bd4 c5 17. Nb5 Qb6 18. Bc3 Rb8 19. a4 a6 20. Na3 Bd7 21. b3 Qc7 22. Bb2 c4 23. Rc1 c3 24. Ba1 Bxe5 25. Qd3 Bxh2 26. Qxc3 Qxc3+ 27. Bxc3 Bg3+ 28. Kf1 Bd6 29. Ke2 Ng7 30. Rh3 Bxa3 31. Rch1 h5 32. g4 Be7 33. gxh5 gxh5 34. Bxh5 Nxh5 35. Rg1+ Ng7 36. Rgh1 Bf6 37. Rh8# 1-0


[Site "https://www.chess.com"]

[Event "Titled Tuesday Blitz May 4 2021"]
[White "Amarasinghe, A A C B"]
[Black "Rodin, Mihail"]
[WhiteFideId "9901809"]
[BlackFideId "4113160"]
[WhiteElo "1778"]
[BlackElo "2368"]
[Result "0-1"]
[Round "01"]
[TimeControl "180+1"]
[Date "2021.05.04"]
[WhiteClock "0:00:01"]
[BlackClock "0:00:45"]

1. c4 e6 2. g3 d5 3. Bg2 Nf6 4. Nf3 c6 5. O-O dxc4 6. a4 Na6 7. Ne5 Qd4 8. Nf3 Qc5 9. Na3 e5 10. Qc2 Be6 11. Ng5 Bd5 12. e4 Nb4 13. Qc3 Be6 14. Nxe6 fxe6 15. Nxc4 Rd8 16. Nxe5 Nc2 17. Rb1 Nd4 18. Qxc5 Bxc5 19. Re1 O-O 20. d3 Bd6 21. Nc4 Bb4 22. Bd2 Nc2 23. Rec1 Bxd2 24. Rxc2 Bb4 25. Bf1 Ng4 26. Ne3 Ne5 27. Rd1 b6 28. Kg2 Bc5 29. b4 Bd4 30. f4 Bxe3 31. fxe5 c5 32. bxc5 Bxc5 33. d4 Rxd4 34. Rxd4 Bxd4 35. Bc4 Re8 36. Rd2 Bxe5 37. Rd7 a5 38. Rb7 Bd4 39. Bb5 Rf8 40. Bc4 Rf2+ 41. Kh3 h5 42. Bxe6+ Kh7 43. Bf5+ Kh6 44. Rd7 Bc5 0-1


[Site "https://www.chess.com"]

[Event "Titled Tuesday Blitz May 4 2021"]
[White "Angel_Hranitel_37"]
[Black "Gandhi, Shyam"]
[BlackFideId "2052008"]
[WhiteElo "2498"]
[BlackElo "1951"]
[Result "1-0"]
[Round "01"]
[TimeControl "180+1"]
[Date "2021.05.04"]
[WhiteClock "0:00:16"]
[BlackClock "0:00:23"]

1. f4 g6 2. Nf3 Bg7 3. g3 d6 4. Bg2 Nf6 5. O-O O-O 6. d3 c5 7. e4 Nc6 8. Nc3 Bg4 9. Be3 Nd4 10. Bxd4 cxd4 11. Ne2 Nd7 12. Qd2 e5 13. f5 f6 14. c4 g5 15. Rfc1 h6 16. b4 a5 17. a3 axb4 18. axb4 Qc7 19. Ra2 Nb6 20. Rca1 Rxa2 21. Qxa2 Ra8 22. Qb1 Rxa1 23. Qxa1 Nxc4 24. Qa2 b5 25. dxc4 bxc4 26. Nd2 Bxe2 27. Bf1 Bxf1 28. Kxf1 Kh7 29. Qxc4 Qxc4+ 30. Nxc4 Bf8 31. b5 Be7 32. Nb6 Bd8 33. Nd5 Kg8 34. b6 Bxb6 35. Nxb6 Kf7 36. Nd5 Kg7 37. Ke2 Kf7 38. Kd3 Kg7 39. Kc4 h5 40. Nc7 h4 41. g4 Kf7 42. Nb5 Ke7 43. Kd5 Kd7 44. Nxd6 Kc7 45. Ne8+ Kb6 46. Nxf6 d3 47. Kxe5 Kc5 48. Nd5 d2 49. Ne3 Kb4 50. f6 Kc3 51. f7 Kd3 52. Nd1 Ke2 53. Nb2 Kf2 54. f8=Q+ Kg2 55. Kd4 Kxh2 56. Ke3 h3 57. Kf2 Kh1 58. Qf3+ Kh2 59. Qg3+ Kh1 60. Qxh3# 1-0


[Site "https://www.chess.com"]

[Event "Titled Tuesday Blitz May 4 2021"]
[White "Arabidze, Meri"]
[Black "Bolanos, Fernando"]
[WhiteFideId "13604040"]
[BlackFideId "3304094"]
[WhiteElo "2432"]
[BlackElo "1998"]
[Result "1-0"]
[Round "01"]
[TimeControl "180+1"]
[Date "2021.05.04"]
[WhiteClock "0:01:27"]
[BlackClock "0:00:24"]

1. Nf3 c5 2. d4 cxd4 3. Nxd4 Nf6 4. c4 Nc6 5. Nc3 g6 6. g3 Bg7 7. Bg2 O-O 8. O-O a6 9. c5 Ne8 10. Nxc6 bxc6 11. Bxc6 Rb8 12. Bg2 Qc7 13. Bf4 e5 14. Be3 Rxb2 15. Nd5 Qb8 16. Rb1 Nf6 17. Nb6 Rxb1 18. Qxb1 Bb7 19. Nxd7 Nxd7 20. Qxb7 Qc8 21. c6 Nf6 22. Rc1 e4 23. Qxc8 Rxc8 24. Bh3 Ng4 25. Bxg4 f5 26. Bh3 Kf7 27. c7 Ke7 28. Bb6 Be5 29. e3 Kd7 30. Bf1 Ra8 31. Bxa6 Bxc7 32. Rxc7+ Kd6 33. Ra7 Rb8 34. Bc7+ 1-0


[Site "https://www.chess.com"]

[Event "Titled Tuesday Blitz May 4 2021"]
[White "Aradhya, Garg"]
[Black "Gombocz, Ferenc Jr."]
[WhiteFideId "25006746"]
[BlackFideId "775029"]
[WhiteElo "2146"]
[BlackElo "1913"]
[Result "1-0"]
[Round "01"]
[TimeControl "180+1"]
[Date "2021.05.04"]
[WhiteClock "0:00:10"]
[BlackClock "0:00:06"]

1. d4 d5 2. c4 c6 3. e3 Nf6 4. Nc3 a6 5. Nf3 Bf5 6. Qb3 Ra7 7. Nh4 Bc8 8. cxd5 cxd5 9. Bd3 Nc6 10. Nf3 e6 11. O-O Bd6 12. e4 dxe4 13. Nxe4 Nxe4 14. Bxe4 O-O 15. Bg5 f6 16. Be3 f5 17. Bxc6 bxc6 18. Rac1 f4 19. Bd2 Bd7 20. Rfe1 Ra8 21. h4 Rb8 22. Qc2 Qe7 23. h5 Rf5 24. Qxf5 exf5 25. Rxe7 Bxe7 26. b3 Bd6 27. Ne5 Bxe5 28. dxe5 Be8 29. Bxf4 Rc8 30. Rd1 Bxh5 31. Rd7 Ra8 32. Rc7 Be8 33. e6 Rd8 34. Be5 Rd1+ 35. Kh2 Bg6 36. Rxg7+ Kf8 37. e7+ Ke8 38. Bf6 Re1 39. Rg8+ Kd7 40. Rd8+ Kc7 41. f4 Re6 42. Be5+ Kb7 43. Rd7+ Kb6 44. Kh3 Be8 45. Rd8 Rxe7 46. Kh4 Re6 47. Kg5 Bg6 48. Rf8 Kc5 49. Rf6 Re7 50. g4 Rd7 51. gxf5 Bf7 52. Kh6 Kb4 53. Kxh7 Bxb3+ 54. Kg6 Bxa2 55. Rxc6 Bd5 56. Rxa6 Bf7+ 57. Kf6 Bc4 58. Rb6+ Kc5 59. Re6 Rd6 60. Bxd6+ Kc6 61. Be5+ Bxe6 62. fxe6 Kd5 63. Kf7 Ke4 64. e7 Kf3 65. e8=Q Ke2 66. Qe6 Kf1 67. f5 1-0


[Site "https://www.chess.com"]

[Event "Titled Tuesday Blitz May 4 2021"]
[White "Araujo Filho, Luiz Antonio Coel"]
[Black "Gelman, Alexander"]
[WhiteFideId "2130661"]
[BlackFideId "4118316"]
[WhiteElo "2245"]
[BlackElo "2375"]
[Result "0-1"]
[Round "01"]
[TimeControl "180+1"]
[Date "2021.05.04"]
[WhiteClock "0:00:18"]
[BlackClock "0:01:01"]

1. d4 Nf6 2. Nf3 c5 3. e3 d6 4. Be2 Nbd7 5. O-O b6 6. b3 e6 7. Bb2 Bb7 8. Nbd2 Rg8 9. c4 g5 10. Qc2 g4 11. Ne1 h5 12. e4 cxd4 13. Bxd4 h4 14. Rd1 Be7 15. Bb2 Qc7 16. a4 a6 17. Ba3 Nc5 18. e5 dxe5 19. Nb1 Qc6 20. f3 gxf3 21. Bxf3 e4 22. Be2 Nd3 23. Bxe7 Kxe7 24. Bxd3 exd3 25. Qf2 Rg6 26. Rxd3 Rag8 27. Rd2 h3 28. g3 Qh1# 0-1


[Site "https://www.chess.com"]

[Event "Titled Tuesday Blitz May 4 2021"]
[White "Arias, Juan Cruz"]
[Black "Carrasco Miranda, Andres"]
[WhiteFideId "118540"]
[BlackFideId "3405990"]
[WhiteElo "2083"]
[BlackElo "2177"]
[Result "1-0"]
[Round "01"]
[TimeControl "180+1"]
[Date "2021.05.04"]
[WhiteClock "0:00:09"]
[BlackClock "0:00:04"]

1. d4 Nf6 2. Nf3 g6 3. Bg5 Bg7 4. Nbd2 d5 5. e3 O-O 6. Be2 c5 7. c3 Nc6 8. O-O Qb6 9. Qb3 c4 10. Qc2 Bf5 11. Qc1 Rac8 12. Bd1 Bd3 13. Re1 Ne4 14. Bf4 Rfe8 15. Bc2 Bxc2 16. Qxc2 Nxd2 17. Nxd2 e5 18. dxe5 Nxe5 19. Bxe5 Bxe5 20. Nf3 Bf6 21. Rad1 Rcd8 22. Rd2 Qe6 23. Red1 b5 24. Nd4 Qb6 25. a3 a6 26. Ne2 Qc5 27. Nf4 Re5 28. g3 Kg7 29. h4 Rf5 30. Rf1 Be5 31. Ne2 Rf3 32. Kg2 Rf6 33. Nd4 Re8 34. Qd1 Bb8 35. Qe2 Ba7 36. Rfd1 Re5 37. Qg4 Re4 38. Qh3 Qe7 39. Re2 Bxd4 40. Rxd4 Rxd4 41. cxd4 Qe4+ 42. Kh2 Qd3 43. Qf1 a5 44. Qe1 b4 45. axb4 axb4 46. Rd2 Qf5 47. Re2 Qf3 48. Rd2 c3 49. bxc3 bxc3 50. Rc2 Rc6 51. Kg1 g5 52. hxg5 Rg6 53. Qe2 Qf5 54. Rxc3 Rxg5 55. Qf1 Qf3 56. Rc1 Rh5 57. Qg2 Qf6 58. Rf1 Rf5 59. g4 Rf3 60. Rb1 h5 61. g5 Qf5 62. g6 fxg6 63. Rb7+ Kh6 64. Rb8 Kg7 65. Rb7+ Kh6 66. Rb6 h4 67. Kh2 h3 68. Rxg6+ Qxg6 69. Qxf3 Qe4 70. Qxh3+ Kg6 71. Qg2+ Kf5 72. Qxe4+ Kxe4 73. Kg3 1-0


[Site "https://www.chess.com"]

[Event "Titled Tuesday Blitz May 4 2021"]
[White "Ashiev, Eduard"]
[Black "Karttunen, Mika"]
[WhiteFideId "4130090"]
[BlackFideId "502081"]
[WhiteElo "2106"]
[BlackElo "2343"]
[Result "0-1"]
[Round "01"]
[TimeControl "180+1"]
[Date "2021.05.04"]
[WhiteClock "0:00:01"]
[BlackClock "0:00:27"]

1. d4 Nf6 2. Nf3 c5 3. d5 g6 4. Nc3 Bg7 5. e4 d6 6. h3 O-O 7. Bd3 e6 8. O-O exd5 9. exd5 a6 10. a4 Nbd7 11. Bf4 Qc7 12. Re1 Rb8 13. Qd2 c4 14. Bf1 b5 15. axb5 axb5 16. Nd4 Qc5 17. Nc6 b4 18. Na4 Qb5 19. Nxb8 Qxb8 20. Bxc4 Nh5 21. Bh6 Ne5 22. Bb3 Qc7 23. Bxg7 Kxg7 24. Qd4 Nf6 25. Rad1 Bxh3 26. f4 Bg4 27. fxe5 dxe5 28. Qc5 Qxc5+ 29. Nxc5 Bxd1 30. Rxd1 Rd8 31. d6 e4 32. d7 e3 33. Re1 Nxd7 34. Nxd7 Rxd7 35. Rxe3 Rd4 36. Kf2 h5 37. Re7 Rf4+ 38. Ke3 g5 39. c3 h4 40. cxb4 Rxb4 41. Rxf7+ Kg6 42. Rc7 Rxb3+ 43. Ke4 Rxb2 44. Rc6+ Kh5 45. Rc8 Rxg2 46. Kf3 Rg3+ 47. Kf2 Ra3 48. Rh8+ Kg4 0-1


[Site "https://www.chess.com"]

[Event "Titled Tuesday Blitz May 4 2021"]
[White "Astafurov, Arseniy"]
[Black "Salinas Herrera, Pablo"]
[WhiteFideId "24175218"]
[BlackFideId "3407128"]
[WhiteElo "2163"]
[BlackElo "2541"]
[Result "1-0"]
[Round "01"]
[TimeControl "180+1"]
[Date "2021.05.04"]
[WhiteClock "0:00:05"]
[BlackClock "0:00:01"]

1. c4 c6 2. e4 d5 3. exd5 Nf6 4. d4 cxd5 5. Nc3 g6 6. Nf3 Bg7 7. Qb3 O-O 8. cxd5 Nbd7 9. a4 Nb6 10. a5 Nbxd5 11. Bc4 Nc7 12. O-O Rb8 13. Ne5 Be6 14. Bf4 Bxc4 15. Qxc4 Ncd5 16. Bg3 e6 17. Qb3 Qe7 18. Nc6 bxc6 19. Bxb8 Nh5 20. Be5 Bxe5 21. dxe5 Qg5 22. Nxd5 cxd5 23. Qe3 Qf5 24. g3 a6 25. b4 Rb8 26. Rab1 Rb5 27. Kg2 Kg7 28. h3 g5 29. Qf3 Qg6 30. Rfc1 d4 31. Rb3 Rxe5 32. b5 Rf5 33. Qg4 Nf6 34. Qxd4 Rd5 35. Qb2 Qe4+ 36. Kh2 axb5 37. Rxb5 Rd3 38. Rxg5+ Kf8 39. Qxf6 Qb7 40. Rgc5 1-0


[Site "https://www.chess.com"]

[Event "Titled Tuesday Blitz May 4 2021"]
[White "Atanasov, Anthony"]
[Black "Seo, Jung Min"]
[WhiteFideId "2623897"]
[BlackFideId "1734687"]
[WhiteElo "1889"]
[BlackElo "2486"]
[Result "0-1"]
[Round "01"]
[TimeControl "180+1"]
[Date "2021.05.04"]
[WhiteClock "0:00:03"]
[BlackClock "0:00:51"]

1. d4 Nf6 2. Nf3 e6 3. Bf4 d5 4. e3 Bd6 5. Nbd2 Bxf4 6. exf4 O-O 7. Bd3 b6 8. Qe2 a5 9. Ne5 Ba6 10. Bxa6 Nxa6 11. c3 Nb8 12. a4 c5 13. Ndf3 Qc7 14. O-O Nc6 15. Nxc6 Qxc6 16. Ne5 Qc7 17. Qb5 Rfd8 18. b4 axb4 19. cxb4 c4 20. a5 bxa5 21. bxa5 Ne4 22. Rfc1 Rdb8 23. Qc6 Qxc6 24. Nxc6 Rb7 25. f3 Nd2 26. Ra2 Nb3 27. Rb1 Rc7 28. Nb4 g6 29. Nc2 Rxa5 30. Rxa5 Nxa5 31. Rb8+ Kg7 32. g4 Nb3 33. f5 Ra7 34. fxe6 fxe6 35. Rb6 Kf7 36. g5 Ra2 37. Nb4 Rd2 38. Rb7+ Ke8 39. Nc6 Nxd4 40. Ne5 c3 41. Rb8+ Ke7 42. Rb7+ Kd6 43. Nf7+ Kc5 44. Rc7+ Kb4 45. Ne5 c2 46. Kf1 Rd1+ 47. Kf2 c1=Q 48. Rxc1 Rxc1 49. Nd3+ Kc3 50. Nxc1 Kd2 51. Na2 Nc6 52. f4 Kc2 53. Ke3 Kb2 54. f5 exf5 55. Nb4 Nxb4 56. Kd4 Kb3 57. h4 Kc2 58. Ke5 Kc3 59. Kf6 d4 60. h5 gxh5 61. Kg7 Nd5 62. Kxh7 Nf4 63. Kg7 d3 64. Kf6 d2 65. Ke5 d1=Q 66. Kf6 h4 67. g6 Nxg6 68. Kg7 f4 69. Kh6 f3 70. Kxg6 f2 71. Kf5 f1=Q+ 0-1


[Site "https://www.chess.com"]

[Event "Titled Tuesday Blitz May 4 2021"]
[White "AwareIdea"]
[Black "Kanyamarala, Trisha"]
[BlackFideId "45004722"]
[WhiteElo "2520"]
[BlackElo "2074"]
[Result "0-1"]
[Round "01"]
[TimeControl "180+1"]
[Date "2021.05.04"]
[WhiteClock "0:00:10"]
[BlackClock "0:00:24"]

1. d4 Nf6 2. c4 e6 3. g3 d5 4. Bg2 dxc4 5. Nf3 Nc6 6. O-O a6 7. a4 Rb8 8. Qc2 b5 9. Rd1 Bb7 10. Nc3 Nb4 11. Qb1 Be7 12. axb5 axb5 13. Ra7 O-O 14. h3 c6 15. Ne5 Qb6 16. Ra1 Rfd8 17. Be3 Nbd5 18. Bg5 h6 19. Bc1 Bd6 20. Nf3 c5 21. Nxd5 Bxd5 22. Be3 Be4 23. Qc1 Nd5 24. dxc5 Bxc5 25. Bxc5 Qxc5 26. e3 Nb4 27. Qc3 Nd3 28. Nd4 Bxg2 29. Kxg2 Qd5+ 30. Kg1 b4 31. Qc2 e5 32. Ne2 Qf3 33. Ra7 Qxf2+ 34. Kh1 Qf3+ 35. Kg1 Qxe3+ 36. Kh2 Qxa7 37. Qxc4 Qf2+ 38. Kh1 Qxe2 39. Rg1 Nf2+ 40. Kg2 Ne4+ 41. Kh1 Qxc4 0-1


[Site "https://www.chess.com"]

[Event "Titled Tuesday Blitz May 4 2021"]
[White "Bach, Matthias"]
[Black "Shapiro, David"]
[WhiteFideId "4603168"]
[BlackFideId "24133523"]
[WhiteElo "2213"]
[BlackElo "2261"]
[Result "0-1"]
[Round "01"]
[TimeControl "180+1"]
[Date "2021.05.04"]
[WhiteClock "0:01:07"]
[BlackClock "0:02:14"]

1. d4 d5 2. c4 e6 3. Nc3 c6 4. e4 dxe4 5. Nxe4 Bb4+ 6. Bd2 Qxd4 7. Bxb4 Qxe4+ 8. Be2 Na6 9. Ba3 Ne7 10. Nf3 Bd7 11. O-O c5 12. Bd3 Qf4 13. Re1 O-O-O 14. Re4 Qc7 15. Ne5 Be8 16. Qe2 Ng6 17. Qe3 Nxe5 18. Rxe5 Rxd3 0-1


[Site "https://www.chess.com"]

[Event "Titled Tuesday Blitz May 4 2021"]
[White "Baches Garcia, Guillermo"]
[Black "Svidler, Peter"]
[WhiteFideId "2209764"]
[BlackFideId "4102142"]
[WhiteElo "2458"]
[BlackElo "2754"]
[Result "0-1"]
[Round "01"]
[TimeControl "180+1"]
[Date "2021.05.04"]
[WhiteClock "0:00:35"]
[BlackClock "0:02:12"]

1. e4 c5 2. Nf3 d6 3. d4 cxd4 4. Nxd4 Nf6 5. Nc3 a6 6. Be2 e5 7. Nf3 h6 8. O-O Be6 9. a4 Nbd7 10. Be3 Rc8 11. Nd2 Be7 12. Bf3 O-O 13. Re1 Qc7 14. h3 Rfd8 15. Nf1 Nb6 16. Nd2 d5 17. Bxb6 Qxb6 18. exd5 Nxd5 19. Nxd5 Bxd5 20. Rxe5 Bxf3 21. Qxf3 Bf6 22. Rd5 Qxb2 23. Rd1 Rxd5 24. Qxd5 Rd8 25. Nc4 Qxc2 0-1


[Site "https://www.chess.com"]

[Event "Titled Tuesday Blitz May 4 2021"]
[White "Baglan, Esat"]
[Black "Dudzinski, Pawel"]
[WhiteFideId "6309216"]
[BlackFideId "1117890"]
[WhiteElo "2107"]
[BlackElo "2193"]
[Result "1-0"]
[Round "01"]
[TimeControl "180+1"]
[Date "2021.05.04"]
[WhiteClock "0:01:15"]
[BlackClock "0:00:12"]

1. e4 c6 2. Nc3 d5 3. Nf3 dxe4 4. Nxe4 Nf6 5. Qe2 Nxe4 6. Qxe4 Qa5 7. Qf4 Nd7 8. Bc4 Nf6 9. Ne5 e6 10. O-O Bd6 11. d4 Bxe5 12. dxe5 Nd7 13. Qg4 Qxe5 14. Bf4 Qf6 15. Rfe1 O-O 16. c3 Nb6 17. Be5 Qg6 18. Qxg6 hxg6 19. Be2 f6 20. Bd6 Rd8 21. Rad1 Nd5 22. Bc7 Re8 23. Bg3 e5 24. c4 Nf4 25. Bxf4 exf4 26. Bd3 Bf5 27. Bxf5 gxf5 28. Kf1 Kf7 29. Rd7+ Kg6 30. Rxb7 Rxe1+ 31. Kxe1 Re8+ 32. Kf1 Rd8 33. Ke2 Re8+ 34. Kd2 Rd8+ 35. Kc3 Re8 36. Kd3 Rd8+ 37. Ke2 Re8+ 38. Kf3 Rd8 39. Rxa7 Rd2 40. b4 Rc2 41. b5 Rxc4 42. b6 Rb4 43. b7 c5 44. Ke2 c4 45. Kd2 f3 46. gxf3 Kg5 47. Kc3 Rb1 48. Kxc4 Kf4 49. Kc5 Kxf3 50. Kc6 Kxf2 51. Kc7 f4 52. b8=Q Rxb8 53. Kxb8 f3 54. Rxg7 Ke2 55. Rf7 f2 56. Rxf6 f1=Q 57. Rxf1 Kxf1 58. a4 1-0


[Site "https://www.chess.com"]

[Event "Titled Tuesday Blitz May 4 2021"]
[White "Balaji, Aaravamudhan"]
[Black "Juhasz, Agoston"]
[WhiteFideId "436224"]
[BlackFideId "778346"]
[WhiteElo "2085"]
[BlackElo "2211"]
[Result "1-0"]
[Round "01"]
[TimeControl "180+1"]
[Date "2021.05.04"]
[WhiteClock "0:00:04"]
[BlackClock "0:00:02"]

1. d4 Nf6 2. c4 e6 3. Nc3 Bb4 4. a3 Bxc3+ 5. bxc3 O-O 6. f3 d5 7. cxd5 Nxd5 8. c4 Nf6 9. e4 Nc6 10. Be3 e5 11. d5 Ne7 12. Bd3 Ng6 13. Ne2 Nh5 14. g3 b6 15. O-O Bh3 16. Rf2 Qe7 17. Qd2 Rad8 18. g4 Nhf4 19. Bxf4 exf4 20. Kh1 Qh4 21. Nd4 Qf6 22. Qb2 Ne5 23. Be2 c5 24. Nc2 Nxg4 25. Qxf6 Nxf2+ 26. Kg1 gxf6 27. Kxf2 Kh8 28. Rg1 Rg8 29. Ne1 Rxg1 30. Kxg1 Rg8+ 31. Kf2 Bd7 32. Nd3 f5 33. Ne5 Be8 34. exf5 Rg5 35. Bd3 Kg7 36. d6 Kf6 37. d7 Bxd7 38. Nxd7+ Ke7 39. Ne5 Rg8 40. Nc6+ Kd6 41. Nxa7 Ra8 42. Nb5+ Ke5 43. Be4 Ra5 44. Kg2 f6 45. Kh3 Ra4 46. Bd5 Ra5 47. Kg4 Ra4 48. h4 h6 49. Be6 Ra5 50. Kh5 Ra8 51. Kg6 Rh8 52. h5 Re8 53. Kxh6 Rd8 54. Kg6 Rd3 55. Bd5 Rd1 56. h6 Rg1+ 57. Kf7 Rh1 58. Kg7 Rg1+ 59. Kh8 Rg3 60. h7 Rg1 61. Nc7 Kd6 62. Ne8+ Ke7 63. Ng7 Kf8 64. Ne6+ Ke7 65. Ng7 Kf8 66. Nh5 Ke7 67. a4 Rg5 68. Nxf4 Rxf5 69. Kg7 Rxf4 70. h8=Q 1-0


[Site "https://www.chess.com"]